 Dungeon Crawl Stone Soup version 0.18-a0-1220-g2dc6208 (webtiles) character file.

1607 Reinor the Covert (level 8, -2/55 HPs)
             Began as a Spriggan Abyssal Knight on Feb 3, 2016.
             Was an Elder of Lugonu.
             Slain by a killer bee (3 damage)
             ... on level 7 of the Dungeon.
             The game lasted 00:19:59 (6332 turns).

Reinor the Covert (Spriggan Abyssal Knight)         Turns: 6332, Time: 00:20:00

Health: -2/55      AC: 24    Str:  8    XL:     8   Next: 63%
Magic:  13/13      EV:  4    Int: 16    God:    Lugonu [****..]
Gold:   391        SH:  0    Dex: 15    Spells: 3 memorised, 4 levels left

rFire  . . .     SeeInvis +     a - +2 short sword
rCold  . . .     Gourm    .     (armour currently unavailable)
rNeg   + + +     Faith    .     (shield restricted)
rPois  +         Spirit   .     (helmet currently unavailable)
rElec  .         Dismiss  .     (cloak currently unavailable)
rCorr  .         Reflect  .     (gloves unavailable)
SustAt .         Harm     .     (boots unavailable)
MR     +....     NoTele   +     e - amulet of regeneration
Stlth  ++++++....               (no ring)
                                (no ring)

@: lethally poisoned (-2 -> -3), tree-form, somewhat resistant to hostile
enchantments, very stealthy
A: unfitting armour, (hooves 0), see invisible, herbivore 3, (speed 0), frail 1,
low mp 1, slow metabolism 2
a: Depart the Abyss, Bend Space, Banish, Corrupt, Renounce Religion


You were on level 7 of the Dungeon.
You worshipped Lugonu.
Lugonu was greatly pleased with you.
You were very hungry.
You were a tree.
You visited 1 branch of the dungeon, and saw 7 of its levels.
You visited the Abyss 1 time.
You also visited: Ossuary.

You collected 391 gold pieces.

Inventory:

Hand Weapons
 a - a +2 short sword (weapon)
Missiles
 o - 20 poisoned needles
Armour
 b - a +0 robe (melded)
 d - a +1 buckler
Jewellery
 e - an amulet of regeneration (around neck)
Wands
 g - a wand of lightning (11/15)
 l - a wand of lightning (8/15)
Scrolls
 f - 6 scrolls of remove curse
 k - 4 scrolls of teleportation
 m - 3 scrolls of enchant weapon
 n - 2 scrolls of enchant armour
Potions
 i - a potion of magic {unknown}
 j - a potion of invisibility {unknown}
 q - 2 potions of agility
 r - a potion of lignification
 u - a potion of ambrosia {unknown}
 v - 2 potions of might
 w - a potion of heal wounds {unknown}
 z - a potion of flight {unknown}
 A - 2 potions of brilliance
 B - a potion of curing {unknown}
 C - a potion of haste
 D - a potion of cure mutation {unknown}
Books
 h - a book of Hinderance

   Spells                             Type                      Level
   a - Confusing Touch                Hexes                        2
   b - Confuse                        Hexes                        3
   c - Gell's Gravitas                Hexes/Translocation          3
   d - Petrify                        Transmutation/Earth          4
   e - Metabolic Englaciation         Hexes/Ice                    5
   f - Yara's Violent Unravelling     Hexes/Transmutation          5
 s - a book of the Tempests

   Spells                             Type                      Level
   a - Static Discharge               Conjuration/Air              3
   b - Lightning Bolt                 Conjuration/Air              5
   c - Fireball                       Conjuration/Fire             5
   d - Tornado                        Air                          9
   e - Shatter                        Earth                        9
Comestibles
 c - 4 bread rations
 p - a fruit


   Skills:
 - Level 4.1 Fighting
 - Level 5.3 Short Blades
 + Level 6.8 Dodging
 - Level 8.0 Stealth
 - Level 4.2 Spellcasting
 + Level 1.3 Hexes
 - Level 5.0 Invocations


You had 4 spell levels left.
You knew the following spells:

 Your Spells              Type           Power        Failure   Level  Hunger
a - Confuse               Hex            #.......     34%         3    ###....
b - Gell's Gravitas       Hex/Tloc       #.........   38%         3    ###....
c - Metabolic Englaciati  Hex/Ice        #.........   100%        5    ######.


Dungeon Overview and Level Annotations

Branches:
Dungeon (7/15)             Temple (0/1) D:6

Altars:
Ashenzari
Cheibriados
Dithmenos
Gozag
Okawaru
Sif Muna
Xom
Yredelemnul
The Shining One


Innate Abilities, Weirdness & Mutations

You are tiny and cannot use many weapons and most armour.
You have supernaturally acute eyesight.
You are a herbivore.
((You cover ground extremely quickly.))
You need consume almost no food.
((You have large cloven feet.))
You are frail (-10% HP).
Your magical capacity is low (-10% MP).


Message History

The killer bee stings you.
You hit the killer bee.
The killer bee is almost dead.
The killer bee stings you!
* * * LOW HITPOINT WARNING * * *
The killer bee misses you.
You miss the killer bee.
The killer bee is almost dead.
The killer bee stings you!
* * * LOW HITPOINT WARNING * * *
You are lethally poisoned!
The killer bee poisons you! The killer bee misses you.
Drink which item? (? for menu, Esc to quit)
It was a potion of lignification.
You turn into a tree.
Your +0 robe melds into your body.
Your roots penetrate the ground.
* * * LOW HITPOINT WARNING * * *
You feel sick.
The killer bee stings you but does no damage.
The killer bee stings you.
You die...

#. ...# ... ..# ##.... ..#
#..#.#+#.# #..#.#.#.#
#..#.#.#.### #
#..#.#.....###############.
#.#..#.....#.#...y†..........
#....#..####....♣#############
#.....#........# #.........#
#####.#.###....# #.####....#
#.....#.# #....# #.#.#.....#
#.#####.# #....# #.#.......#
#.# #.####.#####.#.#.....# #.#
#.........##.#.#.##.## #.#
#.........<#.#.#.##.# #.#
#..........#.#.#....#


You could see a killer bee.

Vanquished Creatures
  Sigmund (D:3)
  3 ice beasts
  A phantom (D:4)
  4 ogres
  A scorpion (D:4)
  A killer bee (D:7)
  2 crimson imps
  2 centaur zombies
  A hound (D:6)
  Terence (D:3)
  4 orc wizards
  4 worker ants
  2 big kobold zombies (Ossuary)
  A hound zombie (D:5)
  4 mummies
  A gnoll (D:2)
  5 adders
  3 oozes
  4 worms
  5 giant geckos
  10 orcs
  5 ball pythons
  5 giant cockroaches
  8 hobgoblins
  4 jackals
  5 quokkas
  5 bats
  A giant gecko zombie (D:5)
  7 goblins
  A goblin zombie (Ossuary)
  2 hobgoblin zombies (Ossuary)
  5 kobolds
  2 orc zombies (Ossuary)
  8 rats
118 creatures vanquished.

Notes
Turn   | Place    | Note
--------------------------------------------------------------
     0 | Abyss:1  | Reinor the Spriggan Abyssal Knight began the quest for the Orb.
     0 | Abyss:1  | Reached XP level 1. HP: 11/11 MP: 3/3
    25 | Abyss:1  | Found a corrupted altar of Lugonu.
    68 | Abyss:1  | Noticed a small abomination
    77 | Abyss:1  | Noticed a raiju
    80 | D:1      | Escaped the Abyss
   284 | D:1      | Reached skill level 1 in Stealth
   456 | D:1      | Reached * piety under Lugonu
   718 | D:1      | Reached XP level 2. HP: 16/16 MP: 4/4
  1304 | D:2      | Found a shattered altar of Ashenzari.
  1347 | D:2      | Reached XP level 3. HP: 19/19 MP: 5/5
  1472 | D:2      | Found a glowing golden altar of the Shining One.
  1493 | D:2      | Found a shimmering altar of Xom.
  1494 | D:2      | Found a shimmering altar of Xom.
  1495 | D:2      | Found a shimmering altar of Xom.
  1495 | D:2      | Found a shimmering altar of Xom.
  1651 | D:2      | Reached ** piety under Lugonu
  1918 | D:2      | Found an iron altar of Okawaru.
  2106 | D:2      | Reached skill level 4 in Stealth
  2106 | D:2      | Reached XP level 4. HP: 10/23 MP: 6/6
  2482 | D:3      | Noticed Sigmund
  2489 | D:3      | Reached skill level 5 in Stealth
  2600 | D:3      | Found an opulent altar of Gozag.
  2771 | D:3      | Found a shadowy altar of Dithmenos.
  2785 | D:3      | Reached *** piety under Lugonu
  2821 | D:3      | Noticed Terence
  2824 | D:3      | Killed Terence
  2824 | D:3      | Reached XP level 5. HP: 27/27 MP: 7/7
  2950 | D:3      | Killed Sigmund
  2950 | D:3      | Reached skill level 5 in Short Blades
  2950 | D:3      | Reached skill level 6 in Stealth
  2950 | D:3      | Reached XP level 6. HP: 32/32 MP: 8/8
  2990 | D:4      | Reached skill level 7 in Stealth
  3355 | D:4      | Reached skill level 8 in Stealth
  3355 | D:4      | Reached XP level 7. HP: 14/35 MP: 8/10
  3431 | D:4      | Gained mutation: You are frail (-10% HP). [potion of mutation]
  3431 | D:4      | Gained mutation: Your magical capacity is low (-10% MP). [potion of mutation]
  3431 | D:4      | Gained mutation: You have large cloven feet. [potion of mutation]
  3755 | D:5      | Entered Level 5 of the Dungeon
  4006 | D:5      | Learned a level 3 spell: Confuse
  4010 | D:5      | Learned a level 3 spell: Gell's Gravitas
  4425 | D:5      | Reached **** piety under Lugonu
  4481 | D:5      | Reached skill level 5 in Invocations
  4481 | D:5      | Reached XP level 8. HP: 37/37 MP: 11/11
  4797 | D:5      | Reached skill level 1 in Spellcasting
  4798 | D:5      | Found a snail-covered altar of Cheibriados.
  4966 | D:6      | Found a sand-covered staircase.
  5019 | Ossuary  | Entered an ossuary
  5047 | Ossuary  | Reached skill level 5 in Dodging
  5108 | Ossuary  | Learned a level 5 spell: Metabolic Englaciation
  5394 | D:6      | Found a basalt altar of Yredelemnul.
  5660 | D:6      | Found a staircase to the Ecumenical Temple.
  5860 | D:6      | Found a deep blue altar of Sif Muna.
  6190 | D:7      | Reached skill level 1 in Hexes
  6331 | D:7      | HP: 1/37 [killer bee (7)]
  6332 | D:7      | Slain by a killer bee

Vault maps used:
D:1:      dpeg_arrival_radiant, minmay_misc_feat_room
D:2:      wad_river_or_something, evilmike_ruin_ashenzari,
          nicolae_tso_carved_into_rock, xom_redecorated,
          okawaru_metal_pillars_1_2
D:3:      nicolae_overflow_hidden_temple,
          nicolae_dithmenos_through_a_glass_darkly, first_bread, uniq_terence,
          uniq_sigmund
D:5:      lemuel_upstairs_altar, marbit_many_paths
D:6:      kennysheep_little_box, lemuel_coloured_pillars_altar,
          minmay_temple_entry_enclosed_plants, gup_ossuary_entry_pyramid
D:7:      old_standard_altar
Ossuary:  ossuary_crypta

Action                   |  1- 3 |  4- 6 |  7- 9 || total
-------------------------+-------+-------+-------++-------
Melee: Short sword       |   159 |   128 |   235 ||   522
       Unarmed           |       |    10 |       ||    10
Invok: Depart the Abyss  |     1 |       |       ||     1
  Use: Scroll            |     2 |     5 |     8 ||    15
       Potion            |       |     1 |     2 ||     3
 Stab: Sleeping          |     4 |    11 |    17 ||    32
       Distracted        |       |     1 |     1 ||     2
  Eat: Pizza             |       |       |     1 ||     1
       Fruit             |       |       |     1 ||     1
